[ AOE2 MATCH · #457639482 ]
Team RMVietnamese vs Teutons
[ REPLAY ANALYSIS · EXTRACTED FROM THE RECORDED GAME ]
Feudal
—
Castle
—
Imperial
—
| APM avg | 38.7 |
| APM peak | 26 |
| eAPM avg | 25.3 |
| Villagers / military | 5 / 0 |
Focus
⚔️ 0.0% · 🌾 100.0%
Feudal
—
Castle
—
Imperial
—
| APM avg | 34.2 |
| APM peak | 23 |
| eAPM avg | 26.8 |
| Villagers / military | 4 / 0 |
Focus
⚔️ 0.0% · 🌾 100.0%
Feudal
—
Castle
—
Imperial
—
| APM avg | 10.4 |
| APM peak | 7 |
| eAPM avg | 10.4 |
| Villagers / military | 0 / 0 |
Feudal
—
Castle
—
Imperial
—
| APM avg | 31.3 |
| APM peak | 21 |
| eAPM avg | 20.8 |
| Villagers / military | 0 / 0 |
Focus
⚔️ 0.0% · 🌾 100.0%
Feudal
—
Castle
—
Imperial
—
| APM avg | 16.4 |
| APM peak | 11 |
| eAPM avg | 8.9 |
| Villagers / military | 0 / 0 |
Focus
⚔️ 0.0% · 🌾 100.0%
Feudal
—
Castle
—
Imperial
—
| APM avg | 29.8 |
| APM peak | 20 |
| eAPM avg | 13.4 |
| Villagers / military | 5 / 0 |
Focus
⚔️ 0.0% · 🌾 100.0%
Feudal
—
Castle
—
Imperial
—
| APM avg | 55.1 |
| APM peak | 37 |
| eAPM avg | 17.9 |
| Villagers / military | 5 / 0 |
Focus
⚔️ 0.0% · 🌾 100.0%
Feudal
—
Castle
—
Imperial
—
| APM avg | 31.3 |
| APM peak | 21 |
| eAPM avg | 16.4 |
| Villagers / military | 4 / 0 |
Focus
⚔️ 0.0% · 🌾 100.0%
Match map
Initial resources + every placement click. Lines = walls · curves = elevation contours. ◆ gold · ⬟ stone · ● berries · ✦ relic · ◌ wall gap
Your base
HFY_8787's base
Legendario's base
AggroAJ's base
Moonlight's base
波波菜FV's base
583446364's base
rh90o5cjnqg4's base
Smoothed initial terrain · ◌ = detected wall gap · hover for details
Inputs per minute
— Brainface - - HFY_8787
Build order — Brainface
7 actions detected in the replay
| 0:01 | Create | Villager (Male) |
| 0:02 | Create | Villager (Male) |
| 0:02 | Create | Villager (Male) |
| 0:02 | Create | Villager (Male) |
| 0:02 | Create | Villager (Male) |
| 0:03 | Build | House |
| 0:05 | Build | House |
Build order — HFY_8787
6 actions detected in the replay
| 0:03 | Create | Villager (Male) |
| 0:04 | Create | Villager (Male) |
| 0:14 | Build | House |
| 0:17 | Build | House |
| 0:20 | Create | Villager (Male) |
| 0:20 | Create | Villager (Male) |
Build order — Legendario
0 actions detected in the replay
Build order — AggroAJ
3 actions detected in the replay
| 0:08 | Build | House |
| 0:11 | Build | House |
| 0:29 | Research | Loom |
Build order — Moonlight
2 actions detected in the replay
| 0:23 | Build | House |
| 0:29 | Build | House |
Build order — 波波菜FV
5 actions detected in the replay
| 0:02 | Create | Villager (Male) |
| 0:02 | Create | Villager (Male) |
| 0:03 | Create | Villager (Male) |
| 0:03 | Create | Villager (Male) |
| 0:03 | Create | Villager (Male) |
Build order — 583446364
8 actions detected in the replay
| 0:02 | Create | Villager (Male) |
| 0:02 | Create | Villager (Male) |
| 0:02 | Create | Villager (Male) |
| 0:02 | Create | Villager (Male) |
| 0:03 | Create | Villager (Male) |
| 0:05 | Build | House |
| 0:06 | Build | House |
| 0:25 | Build | House |
Build order — rh90o5cjnqg4
5 actions detected in the replay
| 0:04 | Create | Villager (Male) ×4 |
| 0:05 | Research | Loom |
| 0:05 | Research | Loom |
| 0:10 | Build | House |
| 0:11 | Build | House |
Match timeline
| 0:09 | Legendario · resign |
[ AI ANALYSIS · 1 CREDIT ]
What really happened in this match?
Wolo.gg analyzes every decision: build order, eco, micro, common mistakes by bracket. Personalized analysis on WhatsApp or Discord in 30 seconds.
Civ guide
Vietnamese
Map guide
Arena
Perfil
Jugador #13071